 Dungeon Crawl Stone Soup version 0.28.0-49-g6dfe1f597d (webtiles) character file.

Game seed: 8170204230836751538

95 Atelerd the Digger (level 4, -1/27 HPs)
             Began as an Octopode Earth Elementalist on May 11, 2022.
             Slain by an ogre
             ... wielding a +0 giant spiked club
              (27 damage)
             ... on level 3 of the Dungeon.
             The game lasted 00:01:53 (1983 turns).

Atelerd the Digger (Octopode Earth Elementalist)    Turns: 1983, Time: 00:01:54

Health: -1/27      AC:  1    Str:  7    XL:     4   Next: 66%
Magic:  3/8        EV: 13    Int: 19    God:
Gold:   90         SH:  0    Dex: 12    Spells: 7/8 levels left

rFire   . . .      SeeInvis .   c - +0 dagger
rCold   . . .      Faith    .   (no shield)
rNeg    . . .      Spirit   .   (helmet restricted)
rPois   .          Reflect  .   (no amulet)
rElec   .          Harm     .   (no ring)
rCorr   .          Rampage  .   (no ring)
Will    .....                   (no ring)
Stlth   +++.......              (no ring)
HPRegen 0.09/turn               (no ring)
MPRegen 0.11/turn               (no ring)
                                (no ring)
                                (no ring)

@: no status effects
A: almost no armour, amphibious, 8 rings, camouflage 1, gelatinous body 1,
(nimble swimmer 1), tentacles
a: no special abilities


You were on level 3 of the Dungeon.
You visited 1 branch of the dungeon, and saw 3 of its levels.

You collected 90 gold pieces.

Inventory:

Hand Weapons
 c - a +0 dagger (weapon)
Missiles
 b - 94 stones
 g - a throwing net
Jewellery
 h - an amulet of reflection
Scrolls
 d - a scroll of identify {unknown}
 e - 2 scrolls of acquirement {unknown}
 f - a scroll of enchant armour {unknown}
 i - a scroll of teleportation {unknown}
Potions
 a - a potion of invisibility {unknown}


   Skills:
 + Level 0.1 Fighting
 + Level 1.0 Short Blades
 - Level 2.0 Dodging
 - Level 2.8 Stealth
 + Level 2.7 Spellcasting
 + Level 1.4 Transmutations
 + Level 4.3 Earth Magic


You had 7 spell levels left.
You knew the following spells:

 Your Spells              Type           Power      Damage    Failure   Level
a - Sandblast             Erth           38%        2d10      2%          1

Your spell library contained the following spells:

 Spells                   Type           Power      Damage    Failure   Level
 Passwall                 Tmut/Erth      10%        N/A       8%          2
 Stone Arrow              Conj/Erth      20%        3d8       19%         3
 Call Canine Familiar     Summ           2%         N/A       43%         3
 Portal Projectile        Hex/Tloc       4%         N/A       43%         3
 Petrify                  Tmut/Erth      13%        N/A       43%         4
 Leda's Liquefaction      Hex/Erth       5%         N/A       54%         4


Dungeon Overview and Level Annotations

Branches:
Dungeon (3/15)

Altars:


Innate Abilities, Weirdness & Mutations

You cannot wear most types of armour.
You are amphibious.
You can wear up to eight rings at the same time.
Your skin changes colour to match your surroundings (Stealth+).
Your rubbery body absorbs attacks. (AC +1, EV +1)
((You are camouflaged when in or above water. (Stealth+)))
You have tentacles for arms and can constrict up to eight enemies at once.


Message History

b - 69 stones (gained 17);
h - an amulet of reflection
i - a scroll labelled NIFOBE YTOYPH You see here a hobgoblin corpse.
You now have 90 gold pieces (gained 8).
You see here a +0 club.
Things that are here:
a +0 dagger; 8 poisoned darts You open the door.
Found a silken robe.
b - 99 stones (gained 30)
There is an open door here.
You see here the +1 robe "Peiklol" {*Slow rF- rN+++ Regen+}.
You open the large door.
There is a large open door here.
There is a large open door here.
You pick up a book of the Hunter and begin reading...
You add the spells Call Canine Familiar, Portal Projectile and Leda's Liquefaction to your library.
You open the door.
There is an open door here.
A ball python, an ogre and an endoplasm come into view.
There are monsters nearby!
The endoplasm freezes you.
You are frozen.
The ogre shouts!
You hear an angry hiss.
There is a large open door here.
There is a large open door here.
The blast of sand hits the endoplasm!
You kill the endoplasm!
The blast of sand misses the ogre.
The blast of sand hits the ogre.
The ogre is moderately wounded.
The ogre barely misses you.
The blast of sand hits the ogre!
The ogre is heavily wounded.
The ogre closely misses you.
The blast of sand hits the ogre.
The ogre is severely wounded.
The ogre hits you with a +0 giant spiked club!!
Ouch! That really hurt!
You die...

#. #.########
#........######
....##'####......# .
##.8.##.......+
##...##........#
##...##..#......# #
##...##...#.O....# #
+.8.@O....#S.....####
##...##..##......##..
##...##..#########..
##...##.....[...'..
##.8.##..#######.†
#+####.##.......
.......##.......
#.....###....†.#
......#....).#


You could see an ogre.

Vanquished Creatures
  3 gnolls (D:3)
  3 adders (D:3)
  4 endoplasms
  2 giant cockroaches
  4 goblins
  4 hobgoblins
  4 jackals (D:1)
  3 quokkas
  2 ball pythons (D:1)
  2 frilled lizards
  2 kobolds
  4 rats
37 creatures vanquished.

Notes
Turn   | Place    | Note
-------+----------+-------------------------------------------
     0 | D:1      | Atelerd the Octopode Earth Elementalist began the quest for
                  | the Orb.
     0 | D:1      | Reached XP level 1. HP: 11/11 MP: 3/3
   471 | D:1      | Reached XP level 2. HP: 15/17 MP: 5/5
  1141 | D:1      | Found a faded altar of an unknown god.
  1327 | D:2      | Noticed an ogre
  1347 | D:2      | Reached XP level 3. HP: 17/21 MP: 3/6
  1445 | D:3      | Reached skill level 4 in Earth Magic
  1450 | D:3      | Reached XP level 4. HP: 11/27 MP: 0/7
  1798 | D:3      | Reached skill level 1 in Short Blades
  1944 | D:3      | Identified the +1 robe "Peiklol" {*Slow rF- rN+++ Regen+}
  1969 | D:3      | Noticed an ogre
  1983 | D:3      | Slain by an ogre

Illustrated notes

Levels and vault maps discovered:
D:1:      lightli_arrival_windingriver, layout_basic,
          ebering_ecumenical_altar_hall
D:2:      layout_loops_ring, serial_shops, nicolae_shop_waterfront, shop,
          shop_fountains, shop, nicolae_shop_statue_plus
D:3:      layout_basic, grunt_decor_arrowhead, minmay_joined_circles

Skill      XL: |  1  2  3  4 |
---------------+-------------+-----
Earth Magic    | 4 |  4.3
Short Blades   | 1 |  1.0
Fighting       | |  0.1
Dodging        | |  2.0
Stealth        | |  2.8
Spellcasting   | |  2.7
Transmutations | |  1.4

Action                   |  1- 3 |  4- 6 || total
-------------------------+-------+-------++-------
Melee: Unarmed           |    13 |       ||    13
       Constrict         |    11 |     4 ||    15
       Tentacles         |     5 |     1 ||     6
       Dagger            |    22 |     9 ||    31
 Cast: Sandblast         |    18 |    14 ||    32
 Stab: Sleeping          |     6 |     1 ||     7
Armor: Skin              |     2 |     1 ||     3
Dodge: Dodged            |    29 |    13 ||    42
